 Dungeon Crawl Stone Soup version 0.31.0-4-g52a2dc7128 (console) character file.

Game seed: 11554094397237163544

304546 jejorda2 the Brawler (level 20, -4/117 HPs)
             Began as a Pale Draconian Berserker on Jan 22, 2024.
             Was a High Priest of Trog.
             Killed by a resonance strike
             ... invoked by a ragged hierophant
             ... summoned by a halazid warlock
              (12 damage)
             ... in the Desolation of Salt.
             The game lasted 02:39:27 (37546 turns).

jejorda2 the Brawler (Pale Draconian Berserker)    Turns: 37546, Time: 02:39:28

Health: -4/117     AC: 13    Str: 28    XL:     20   Next: 26%
Magic:  17/20      EV: 29    Int:  9    God:    Trog [*****.]
Gold:   774        SH:  0    Dex: 12    Spells: 19/19 levels left

rFire   + +          +
                       - Unarmed
rCold   + . .        (shield currently unavailable)
rNeg    . . .        (body armour unavailable)
rPois   ∞            S - melded +1 hat of the Pink Corner {rPois Regen+}
rElec   +            q - melded +2 ratskin cloak {*Rats rPois rN+ Str-1 Int-1 Dex+1}
rCorr   .            X - melded +0 pair of fencer's gloves {Riposte Dex+3}
SInv    .            r - melded +2 pair of slick slippers {slick, slippery, EV+4}
Will    +....        c - amulet of regeneration
Stlth   +            J - +4 ring of protection
HPRegen 2.19/turn    d - ring of Nicsunga {rF+++ rC+ Str+2}
MPRegen 0.17/turn

%: no passive effects
@: storm-form, weak-willed, strong-willed, blinkbolt cooldown, flying,
regenerating
A: cleaving, insubstantial, flying, reduced hp, (breathe steam), AC +10,
unfitting armour, (cold-blooded), (steam resistance)
}: 2/15 runes: barnacled, gossamer
a: Blinkbolt, Begin Untransformation, Renounce Religion, Berserk, Trog's Hand,
Brothers in Arms


You were in the Desolation of Salt.
You worshipped Trog.
Trog was extremely pleased with you.
You were a lightning-filled tempest!
You visited 7 branches of the dungeon, and saw 34 of its levels.
You also visited: Trove, Sewer, Gauntlet and Desolation.

You collected 3768 gold pieces.
You spent 2994 gold pieces at shops.

Inventory:

Armour
 q - the +2 ratskin cloak (melded) {*Rats rPois rN+ Str-1 Int-1 Dex+1}
   (You found it in a Gauntlet)

   *Rats:     When the wearer is hurt, rats may emerge from it to assist them.
   Str-1:     It affects your strength (-1).
   Int-1:     It affects your intelligence (-1).
   Dex+1:     It affects your dexterity (+1).
   rPois:     It protects you from poison rN+: It protects you from negative
   energy.
 r - the +2 pair of slick slippers (melded) {slick, slippery, EV+4}
   (You found it in a treasure trove)

   Slick:     Its wearer cannot be constricted, engulfed, netted or webbed.
   Slippery:  Its wearer slips away from damaging melee attacks, pulling the
   attacker onward.
   EV+4:      It affects your evasion (+4).
 S - the +1 hat of the Pink Corner (melded) {rPois Regen+}
   (You found it on level 3 of the Spider Nest)

   rPois:     It protects you from poison Regen+: It increases your rate of
   health regeneration.
 X - the +0 pair of fencer's gloves (melded) {Riposte Dex+3}
   (You found it on level 3 of the Elven Halls)

   Riposte:   It allows the wearer to riposte with melee weapons, swiftly
   retaliating against missed or blocked melee attacks.
   Dex+3:     It affects your dexterity (+3).
Jewellery
 c - an amulet of regeneration (around neck)
 d - the ring of Nicsunga (right fist) {rF+++ rC+ Str+2}
   (You bought it in a shop on level 1 of the Elven Halls)

   [ring of protection from cold]

   Str+2:     It affects your strength (+2).
   rF+++:     It renders you almost immune to fire.
   rC+:       It protects you from cold.
 x - a ring of see invisible
 J - a +4 ring of protection (left fist)
Talismans
 o - a maw talisman
 C - a storm talisman (active)
 P - a dragon-blood talisman
 T - a granite talisman
 V - the serpent talisman "Xoashrolee" {Str+3}
   (You took it off Aizul on level 3 of the Shoals)

   [serpent talisman]

   Str+3:     It affects your strength (+3).
Wands
 t - a wand of digging (4)
 v - a wand of charming (56)
 z - a wand of roots (17)
 D - a wand of acid (33)
 K - a wand of polymorph (38)
 R - a wand of mindburst (36)
 W - a wand of flame (19)
Scrolls
 a - 3 scrolls of poison
 b - 20 scrolls of teleportation
 n - 3 scrolls of immolation
 w - 9 scrolls of fog
 B - 3 scrolls of revelation
 M - 2 scrolls of fear
 Z - a scroll of silence
Potions
 h - 5 potions of attraction
 i - 11 potions of curing
 j - 5 potions of haste
 k - 5 potions of heal wounds
 l - 6 potions of might
 m - a potion of invisibility
 s - 5 potions of mutation
 A - 6 potions of ambrosia
 O - 3 potions of resistance
 Q - 2 potions of cancellation
Miscellaneous
 E - a condenser vane (inert)
 F - a box of beasts
 Y - a lightning rod (4/4)


   Skills:
 - Level 10.2 Fighting
 - Level 14.4 Throwing
 - Level 6.9 Dodging
 - Level 0.1 Stealth
 - Level 20.8 Unarmed Combat
 - Level 12.1 Evocations
 + Level 20.3 Shapeshifting


You had 19 spell levels left.
You didn't know any spells.
Your spell library was empty.

Dungeon Overview and Level Annotations

Branches:
Dungeon (15/15)            Temple (0/1) D:4            Lair (5/5) D:8
 Shoals (4/4) Lair:2       Spider (4/4) Lair:2        Slime (0/5) Lair:4
    Orc (2/2) D:9             Elf (3/3) Orc:2        Vaults (1/5) D:14
 Depths (0/4) D:15          Sewer (visited)         Desolation (1/1)
Gauntlet (visited)

Altars:
Ashenzari
Fedhas
Hepliaklqana
Makhleb
Okawaru
Vehumet
Xom
Yredelemnul
Zin

Shops:
D:1 (   D:2 [***   D:6 *   D:14 ?   Orc:1 *   Orc:2 [?([   Elf:1 *=   Elf:3 :

Annotations:
Spider:1 2 transporters


Innate Abilities, Weirdness & Mutations

You are a lightning-filled tempest!
Your electrical attacks strike out in all directions at once.
You are incredibly evasive.
Your insubstantial body is immune to petrification, constriction, and being set on fire You are flying.
Your maximum health is decreased, since you lack skill for your form.
Your armour is entirely melded.
You are incapable of wielding weapons or throwing items.
((You can breathe blasts of scalding, opaque steam.))
((Your pale cyan-grey scales are hard. (AC +10)))
You cannot fit into any form of body armour.
You are immune to poison.
((You are cold-blooded and may be slowed by cold attacks.))
((You are immune to the effects of steam.))


Message History

The saltling dissolves into shadows!
The shock of your passage hits the ragged hierophant!!
The ragged hierophant is lightly wounded.
You blink.
A servant of whispers comes into view. It is wielding a +0 quarterstaff.
The saltling misses you. x2; Your troll bites the peacekeeper!!
Your troll claws the peacekeeper but does no damage. x2
The ragged hierophant casts a spell.
The ragged hierophant begins to accept its allies' injuries.
The servant of whispers barely misses you.
The ragged hierophant barely misses you.
The ragged hierophant completely misses you.
Unknown command.
Unknown command.
Unknown command.
You can't do that yet.
You hit the saltling but do no damage.
You hit the ragged hierophant but do no damage.
You buffet the saltling!
You batter the halazid warlock!!
You completely miss the imperial myrmidon.
You batter the ragged hierophant!!
Lightning courses through the ragged hierophant!
You blast the ragged hierophant!!!
You batter the crystal guardian!!
You carefully extract the barbed spikes from your body.
A saltling comes into view.
The saltling closely misses you. The saltling hits you!!
* * * LOW HITPOINT WARNING * * *
The imperial myrmidon hits you with a +1 antimagic demon blade.
* * * LOW HITPOINT WARNING * * *
Your willpower is stripped away!
You feel your power leaking away.
Unknown command.
Unknown command.
Unknown command.
Blink to where?
Press: ? - help, Dir - move target, p - ragged hierophant
As you read the scroll of blinking, it crumbles to dust.
The ragged hierophant points at the saltling and mumbles some strange words.
A blast of power from the earth strikes you!
You die...

.......99......
.......aaaa...#9
.....9.9..9....#
.....99La99.....
................
................
................
.......8.##.a##.
.......v## ...
.......## ....
....... .......
....... .......
....... .......


You could see 3 ragged hierophants, a servant of whispers (stilling wind,
sheltered), an imperial myrmidon (sheltered), a halazid warlock (sheltered), a
crystal guardian (strong, sheltered), a peacekeeper (summoned, strong,
sheltered) and 5 saltlings.

Vanquished Creatures
  Bai Suzhen (Shoals:3)
  Arachne (Spider:3)
  Rupert (Spider:1)
  Jorgrun (D:13)
  Asterion (Elf:2)
  3 deep elf blademasters
  2 krakens
  2 deep elf master archers (Elf:3)
  Polyphemus (Shoals:2)
  Aizul (Shoals:3)
  Roxanne (Spider:3)
  2 frost giants (Shoals:1)
  9 emperor scorpions
  3 deep elf sorcerers (Elf:3)
  7 ghost moths
  6 deep elf elementalists
  A broodmother (Spider:4)
  A formless jellyfish (Shoals:3)
  7 deep elf demonologists
  4 deep elf death magi
  8 deep elf annihilators (Elf:3)
  3 stone giants (Shoals:1)
  2 spark wasps (Spider:4)
  Nessos (D:15)
  A minotaur (Gauntlet)
  Azrael (D:13)
  A dire elephant (D:15)
  9 merfolk impalers
  Josephine (D:12)
  2 servants of whispers
  Snorg (Orc:2)
  Erolcha (D:13)
  4 deep elf high priests (Elf:3)
  6 entropy weavers
  A hell beast (Gauntlet)
  3 hydras
  A great orb of eyes (Vaults:1)
  6 vault guards
  2 centaur warriors
  A jorogumo (Spider:2)
  6 merfolk avatars
  5 catoblepae
  2 ogre magi (D:14)
  3 radroaches
  30 dancing weapons
  4 two-headed ogres
  3 merfolk aquamancers (Shoals:4)
  8 boulder beetles
  A death scarab (Spider:4)
  7 death yaks
  2 tengu warriors (D:13)
  8 demonic crawlers
  2 satyrs (Shoals:4)
  Urug (D:10)
  A deep troll shaman (Lair:5)
  2 orc high priests
  20 deep elf knights
  8 skysharks
  3 skeletal warriors (D:13)
  9 pharaoh ants
  9 sea snakes
  13 deep elf archers
  6 orb spiders
  A sun moth (Spider:4)
  27 harpies
  A lindwurm (Lair:5)
  24 deep elf zephyrmancers
  8 steelbarb worms
  24 wolf spiders
  An oklob plant (Lair:2)
  2 orc knights
  9 ugly things
  20 deep elf pyromancers
  3 orc sorcerers
  7 fauns
  16 manticores
  The ghost of TheBioAlchemist the Changeling, a novice OpSh (D:5)
  7 cyclopes
  3 kobold blastminers
  6 merfolk sirens
  3 meliai (Spider:2)
  A moth of wrath (Spider:1)
  9 elephants
  4 water nymphs
  An apocalypse crab (Gauntlet)
  7 black mambas
  3 torpor snails
  2 gargoyles
  16 cane toads
  An efreet (D:14)
  A rime drake (Lair:4)
  2 freezing wraiths
  A yaktaur (D:14)
  10 komodo dragons
  29 merfolk
  5 trolls
  7 polar bears
  A queen bee (Lair:2)
  2 wind drakes
  6 saltlings
  5 hornets
  27 tarantellas
  16 blink frogs
  5 slime creatures (D:15)
  24 jumping spiders
  5 snapping turtles
  2 shadows (D:10)
  A spriggan (Lair:2)
  A centaur simulacrum (D:14)
  A vampire (D:12)
  8 water elementals
  25 culicivoras
  5 fire elementals
  6 wraiths (D:12)
  49 yaks
  4 wyverns
  6 basilisks
  63 redbacks
  2 humans (D:14)
  2 wargs
  3 steam dragons
  4 vampire mosquitoes (D:13)
  Edmund (D:4)
  14 water moccasins
  5 hell hounds
  2 acid dragons (D:12)
  37 orc warriors
  A swamp drake (D:9)
  8 black bears
  2 ice beasts
  4 sky beasts
  25 wolves
  2 laughing skulls (D:15)
  2 boggarts (D:8)
  9 centaurs
  3 ogres
  2 phantoms
  3 kobold brigands
  An earth elemental (Elf:3)
  A gnoll sergeant (D:7)
  3 scorpions
  13 bullfrogs
  8 wights
  26 killer bees
  5 howler monkeys
  2 electric eels
  4 jellies
  3 quasits (D:5)
  A bombardier beetle (D:5)
  4 hounds
  19 orc priests
  A gnoll bouda (D:9)
  A sleepcap (D:6)
  Ijyb (D:4)
  Natasha (thrice) (D:4)
  2 iguanas
  17 orc wizards
  14 gnolls
  4 river rats
  5 adders
  A shadow imp (D:6)
  A white imp (D:5)
  2 ufetubi (D:5)
  6 ribbon worms
  A dart slug (D:2)
  72 orcs
  13 endoplasms
  9 giant cockroaches
  7 goblins
  6 hobgoblins
  21 kobolds
  2 quokkas
  8 ball pythons
  5 bats
  12 frilled lizards
  13 rats
1235 creatures vanquished.

Vanquished Creatures (collateral kills)
  The ghost of Wopp the Geomancer, a journeyman GrEE of Ashenzari (D:14)
  A spark wasp (Spider:3)
  A death yak (Shoals:2)
  A steelbarb worm (Spider:3)
  4 orc knights (D:14)
  2 orc warriors (D:14)
  A centaur (Orc:2)
  9 killer bees (Lair:2)
  2 orc priests
  7 orcs
29 creatures vanquished.

Vanquished Creatures (others)
  A sea snake (Shoals:1)
  8 tentacles
9 creatures vanquished.

Grand Total: 1273 creatures vanquished

Notes
Turn   | Place    | Note
-------+----------+-------------------------------------------
     0 | D:1      | jejorda2 the Draconian Berserker began the quest for the
                  | Orb.
     0 | D:1      | Reached XP level 1. HP: 19/19 MP: 1/1
   126 | D:1      | Reached skill level 1 in Shapeshifting
   185 | D:1      | Reached XP level 2. HP: 26/26 MP: 2/2
   204 | D:1      | Found Mueffuri's Weapon Shop.
   766 | D:2      | Reached ** piety under Trog
   780 | D:2      | Reached XP level 3. HP: 27/31 MP: 3/3
   893 | D:2      | Found Vakhaewa's Assorted Antiques.
   932 | D:2      | Reached XP level 4. HP: 38/38 MP: 4/4
  1059 | D:2      | Found Xeimp's Assorted Antiques.
  1102 | D:2      | Found Jioh's Armour Shop.
  1183 | D:2      | Found Voxics's General Store.
  1430 | D:2      | Bought a potion of curing for 36 gold pieces
  1529 | D:3      | Found a blossoming altar of Fedhas.
  1734 | D:3      | Found a large runed translucent door.
  1734 | D:3      | Found a large runed translucent door.
  1735 | D:3      | Found a shimmering altar of Xom.
  2226 | D:4      | Noticed a black bear
  2239 | D:4      | Killed a black bear
  2240 | D:4      | Reached XP level 5. HP: 28/45 MP: 5/5
  2263 | D:4      | Noticed a water moccasin
  2271 | D:4      | Noticed Natasha
  2279 | D:4      | Killed a water moccasin
  2280 | D:4      | Reached XP level 6. HP: 34/51 MP: 6/6
  2282 | D:4      | Killed Natasha
  2286 | D:4      | Noticed Edmund
  2291 | D:4      | Found a glowing drain.
  2319 | Sewer    | Entered a sewer
  2381 | Sewer    | Reached *** piety under Trog
  2433 | Sewer    | Reached skill level 5 in Shapeshifting
  2458 | Sewer    | Reached skill level 5 in Unarmed Combat
  2515 | Sewer    | Found a viscous altar of Jiyva.
  2600 | Sewer    | Your scales start taking on a pale cyan-grey colour.
  2600 | Sewer    | Reached XP level 7. HP: 32/57 MP: 7/7
  2600 | Sewer    | Gained mutation: You are immune to the effects of steam.
                  | [Pale Draconian growth]
  2665 | D:4      | Killed Edmund
  2773 | D:4      | Noticed Natasha
  2776 | D:4      | Killed Natasha
  2779 | D:4      | Noticed Ijyb
  2796 | D:4      | Killed Ijyb
  2810 | D:4      | Found an iron altar of Okawaru.
  2849 | D:4      | Found a staircase to the Ecumenical Temple.
  2867 | D:4      | Found a glowing silver altar of Zin.
  2891 | D:4      | Noticed Natasha
  2898 | D:4      | Killed Natasha
  3204 | D:5      | Entered Level 5 of the Dungeon
  3347 | D:5      | Reached XP level 8. HP: 63/63 MP: 8/8
  3446 | D:5      | Found a transporter.
  3452 | D:5      | Found a transporter.
  3750 | D:5      | Noticed TheBioAlchemist's ghost (novice OpSh)
  3765 | D:5      | Killed TheBioAlchemist's ghost
  3859 | D:2      | Bought a flickering steel ring for 155 gold pieces
  3859 | D:2      | Identified the ring of Qeucko Saelo {^Drain rElec rCorr
                  | Int-5 SInv} (You bought it in a shop on level 2 of the
                  | Dungeon)
  4087 | D:6      | Reached XP level 9. HP: 67/70 MP: 9/9
  4194 | D:6      | Found Fihagays's Mass Market.
  4304 | D:6      | Found a broken altar of Ashenzari.
  4387 | D:6      | Reached **** piety under Trog
  4464 | D:6      | Found a burning altar of Makhleb.
  4464 | D:6      | Noticed a cacodemon
  5149 | D:7      | Reached skill level 10 in Shapeshifting
  5839 | D:8      | Found a hazy altar of Hepliaklqana.
  5887 | D:8      | Noticed a two-headed ogre
  5887 | D:8      | Noticed a two-headed ogre
  5903 | D:8      | Killed a two-headed ogre
  5904 | D:8      | Reached XP level 10. HP: 80/80 MP: 10/10
  5908 | D:8      | Killed a two-headed ogre
  6014 | D:8      | Reached skill level 5 in Fighting
  6131 | D:8      | Reached ***** piety under Trog
  6189 | D:8      | Found a staircase to the Lair.
  6324 | D:8      | Found a radiant altar of Vehumet.
  6754 | D:9      | Received a gift from Trog
  6965 | D:9      | Reached skill level 10 in Unarmed Combat
  6965 | D:9      | Reached XP level 11. HP: 91/91 MP: 11/11
  7246 | D:9      | Found a staircase to the Orcish Mines.
  7369 | D:9      | Noticed a two-headed ogre
  7376 | D:9      | Killed a two-headed ogre
  7445 | Lair:1   | Entered Level 1 of the Lair of Beasts
  7445 | Lair:1   | Noticed a boulder beetle
  7494 | D:8      | Killed a boulder beetle
  7650 | Lair:1   | Found a basalt altar of Yredelemnul.
  8558 | Lair:1   | Reached XP level 12. HP: 86/103 MP: 12/12
  8865 | Lair:2   | Found a hole to the Spider Nest.
  9334 | Lair:2   | You fall into a shaft and drop 2 floors!
  9392 | Lair:4   | Found a staircase to the Slime Pits.
  9807 | Lair:3   | Noticed a catoblepas
  9816 | Lair:3   | Killed a catoblepas
  9946 | Lair:3   | Reached skill level 10 in Fighting
 10096 | Lair:3   | Reached skill level 15 in Shapeshifting
 10521 | Lair:2   | Reached XP level 13. HP: 113/113 MP: 13/13
 10892 | Lair:2   | Found a staircase to the Shoals.
 11095 | Lair:2   | Reached skill level 5 in Dodging
 11827 | Lair:5   | Entered Level 5 of the Lair of Beasts
 11962 | Lair:5   | Received a gift from Trog
 12600 | Lair:5   | Reached XP level 14. HP: 121/121 MP: 14/14
 13015 | Lair:5   | Identified the ring of Onir {rPois rC+ rN+ Int-3}
 13026 | Lair:5   | Identified the +0 helmet of Daisies {Int+2}
 13278 | D:2      | Bought a green potion for 26 gold pieces
 13303 | D:2      | Bought a green potion for 27 gold pieces
 13348 | D:2      | Bought a condenser vane for 480 gold pieces
 13472 | D:10     | Entered Level 10 of the Dungeon
 13525 | D:10     | Reached skill level 1 in Evocations
 13863 | D:10     | Noticed Urug
 13866 | D:10     | Killed Urug
 14106 | D:10     | Found a portal to a secret trove of treasure.
 14107 | D:10     | Reached XP level 15. HP: 126/126 MP: 15/15
 14984 | D:12     | Noticed a fire giant
 15266 | D:12     | Noticed Josephine
 15274 | D:12     | Killed Josephine
 15900 | D:13     | Reached skill level 1 in Throwing
 16092 | D:13     | Noticed Erolcha
 16100 | D:13     | Killed Erolcha
 16306 | D:13     | Noticed Jorgrun
 16318 | D:13     | Killed Jorgrun
 16779 | D:13     | Noticed Azrael
 16788 | D:13     | Killed Azrael
 16804 | D:13     | Received a gift from Trog
 17376 | D:14     | Found a runed translucent gate.
 17376 | D:14     | Noticed Wopp's ghost (journeyman GrEE)
 17377 | D:14     | Found a runed translucent gate.
 17378 | D:14     | Found a runed translucent gate.
 17379 | D:14     | Identified the +1 plate armour "Wunoth" {rElec rN++ Dex-2
                  | Slay+2}
 17789 | D:14     | Found a gate to the Vaults.
 18002 | D:14     | Found Wyimil's Magic Scroll Boutique.
 18133 | D:14     | Killed Wopp's ghost
 18159 | D:14     | Identified the ring "Tuzyi" {rElec MP+9}
 18183 | D:15     | Entered Level 15 of the Dungeon
 18261 | D:15     | Found a gate leading to a gauntlet.
 18286 | Gauntlet | Entered a Gauntlet
 18286 | Gauntlet | Found a transporter.
 18295 | Gauntlet | Found a transporter.
 18298 | Gauntlet | Found a transporter.
 18301 | Gauntlet | Found a transporter.
 18302 | Gauntlet | Found a transporter.
 18303 | Gauntlet | Found a transporter.
 18307 | Gauntlet | Found a runed translucent door.
 18311 | Gauntlet | Found a transporter.
 18312 | Gauntlet | Found a transporter.
 18321 | Gauntlet | Found a runed translucent door.
 18321 | Gauntlet | Found the +2 ratskin cloak {*Rats rPois rN+ Str-1 Int-1
                  | Dex+1}
 18332 | Gauntlet | Found a transporter.
 18349 | Gauntlet | Found a transporter.
 18353 | Gauntlet | Found a transporter.
 18355 | Gauntlet | Found a runed translucent door.
 18357 | Gauntlet | Found a runed translucent door.
 18361 | Gauntlet | Found a transporter.
 18602 | Gauntlet | Reached XP level 16. HP: 93/134 MP: 16/16
 18606 | Gauntlet | Identified the +9 plate armour of Distant Shores {rC+ Str+5
                  | Int+3 Slay-4}
 19058 | D:10     | You paid a toll of 5 potions of resistance to enter a
                  | treasure trove
 19059 | Trove    | Entered a treasure trove
 19063 | Trove    | Found the +2 pair of slick slippers {slick, slippery, EV+4}
 19066 | Trove    | Identified the scarf of the Lost Nightmares {+Inv, Int+3
                  | Slay+2}
 19069 | Trove    | Identified the +0 buckler of Cowardice {-Cast rN+ Str+6
                  | Stlth-}
 19073 | Trove    | Identified the +1 pair of gloves "Exzoam" {MP+9}
 19077 | Trove    | Identified the -2 pair of gloves "Valyis Ycey" {rC+ rN+
                  | Str+2 Dex-3}
 19088 | Trove    | Identified the +1 pair of boots "Zoung" {rN+ Regen+}
 19091 | Trove    | Identified the +4 buckler of Rotation {^Drain rElec Stlth+}
 19401 | D:15     | Found a staircase to the Depths.
 19461 | D:15     | Reached skill level 5 in Throwing
 19653 | D:15     | Noticed Nessos
 19677 | D:15     | Killed Nessos
 20115 | Orc:1    | Entered Level 1 of the Orcish Mines
 20396 | Orc:1    | Found Desh's CLEARANCE SALE!.
 20570 | Orc:2    | Entered Level 2 of the Orcish Mines
 20695 | Orc:1    | Reached skill level 15 in Unarmed Combat
 21038 | Orc:2    | Found a staircase to the Elven Halls.
 21100 | Orc:2    | Received a gift from Trog
 21119 | Orc:2    | Noticed Snorg
 21138 | Orc:2    | Killed Snorg
 21435 | Orc:2    | Found Nashrynte's Magic Scroll Shoppe.
 21435 | Orc:2    | Found Guugue's Weapon Boutique.
 21437 | Orc:2    | Found Cuvec's Antique Armour Shop.
 21439 | Orc:2    | Found Kigaezi's Armour Emporium.
 21607 | Orc:2    | Bought a glowing scarf for 256 gold pieces
 21953 | Spider:1 | Entered Level 1 of the Spider Nest
 21957 | Spider:1 | Found a transporter.
 21957 | Spider:1 | Found a transporter.
 22294 | Spider:1 | Noticed Rupert
 22294 | Spider:1 | Paralysed by Rupert for 3 turns
 22307 | Spider:1 | Killed Rupert
 22317 | Spider:1 | Identified the serpent talisman of the Sea {*Slow rElec rC+
                  | Dex+3 SInv}
 22561 | Spider:1 | Received a gift from Trog
 23132 | Spider:2 | Reached ****** piety under Trog
 23521 | Spider:2 | Reached XP level 17. HP: 140/140 MP: 17/17
 23675 | Spider:2 | Received a gift from Trog
 25026 | Spider:3 | Noticed Roxanne
 25151 | Spider:3 | Identified the +9 eveningstar "Ankaz" {flame, Dex+3} (Trog
                  | gifted it to you on level 3 of the Spider Nest)
 25151 | Spider:3 | Received a gift from Trog
 25236 | Spider:3 | Noticed Arachne
 25245 | Spider:3 | Killed Arachne
 25440 | Spider:3 | Identified the +1 hat of the Pink Corner {rPois Regen+}
 25660 | Spider:3 | Killed Roxanne
 25742 | Spider:4 | Entered Level 4 of the Spider Nest
 26743 | Spider:4 | Reached skill level 10 in Throwing
 26750 | Spider:4 | Received a gift from Trog
 27284 | Spider:4 | Got a gossamer rune of Zot
 27633 | Shoals:1 | Entered Level 1 of the Shoals
 27636 | Shoals:1 | Reached XP level 18. HP: 147/147 MP: 18/18
 27882 | Shoals:1 | Identified the ring "Ubauqy" {rElec MP+9 Dex+2}
 28725 | Shoals:2 | Noticed Polyphemus
 28734 | Shoals:2 | Killed Polyphemus
 29290 | Shoals:3 | Paralysed by a formless jellyfish for 1 turns
 29708 | Shoals:3 | Noticed Bai Suzhen
 29730 | Shoals:3 | Killed Bai Suzhen
 29745 | Shoals:3 | Identified the serpent talisman "Xoashrolee" {Str+3}
 29745 | Shoals:3 | Noticed Aizul
 29758 | Shoals:3 | Killed Aizul
 30656 | Shoals:4 | Entered Level 4 of the Shoals
 30660 | Shoals:4 | Received a gift from Trog
 31128 | Shoals:4 | Got a barnacled rune of Zot
 31647 | Shoals:4 | Reached XP level 19. HP: 154/154 MP: 19/19
 31732 | Shoals:4 | Received a gift from Trog
 32247 | D:2      | Bought a lightning rod (4/4) for 1160 gold pieces
 33006 | Elf:1    | Entered Level 1 of the Elven Halls
 33127 | Elf:1    | Found a huge runed translucent gate.
 33127 | Elf:1    | Found a huge runed translucent gate.
 33129 | Elf:1    | Found a huge runed translucent gate.
 33129 | Elf:1    | Found a huge runed translucent gate.
 33129 | Elf:1    | Found a huge runed translucent gate.
 33129 | Elf:1    | Found a huge runed translucent gate.
 33129 | Elf:1    | Found a huge runed translucent gate.
 33130 | Elf:1    | Found a huge runed translucent gate.
 33130 | Elf:1    | Found a huge runed translucent gate.
 33130 | Elf:1    | Found a huge runed translucent gate.
 33130 | Elf:1    | Found a huge runed translucent gate.
 33130 | Elf:1    | Found a huge runed translucent gate.
 33131 | Elf:1    | Found a huge runed translucent gate.
 33131 | Elf:1    | Found a huge runed translucent gate.
 33131 | Elf:1    | Found a huge runed translucent gate.
 33131 | Elf:1    | Found a huge runed translucent gate.
 33132 | Elf:1    | Found a huge runed translucent gate.
 33132 | Elf:1    | Found a huge runed translucent gate.
 33132 | Elf:1    | Found a huge runed translucent gate.
 33132 | Elf:1    | Found a huge runed translucent gate.
 33499 | Elf:1    | Found Aqohudig's One-of-a-Kind Rings.
 33511 | Elf:1    | Found Eqizofergh's Overcharged Wands.
 33923 | Elf:2    | Received a gift from Trog
 34112 | Elf:2    | Reached skill level 10 in Evocations
 34151 | Elf:1    | Bought the ring of Nicsunga {rF+++ rC+ Str+2} for 854 gold
                  | pieces
 34244 | Elf:2    | Found a runed translucent gate.
 34244 | Elf:2    | Found a runed translucent gate.
 34244 | Elf:2    | Found a runed translucent gate.
 34491 | Elf:2    | Noticed Asterion
 35079 | Elf:2    | Received a gift from Trog
 35401 | Elf:2    | Killed Asterion
 35526 | Elf:3    | Entered Level 3 of the Elven Halls
 36260 | Elf:3    | Reached XP level 20. HP: 150/161 MP: 20/20
 36281 | Elf:3    | Received a gift from Trog
 36444 | Elf:3    | Identified the +2 helmet of the Comet {-Cast Rampage rElec
                  | rC++}
 36492 | Elf:3    | Identified the +1 scimitar "Vedwib" {speed, Dex+2 Stlth+}
 36492 | Elf:3    | Identified the +2 plate armour "Cuerrige" {rN+ Str+3 Int-5}
 36492 | Elf:3    | Identified the ring of Jier {rElec rPois rC+++ Will- Int+6}
 36633 | Elf:3    | Identified the +11 dagger "Veophiu" {vamp, rElec MP-9
                  | Int+5}
 36642 | Elf:3    | Identified the staff "Jocenom" {rElec Will+ Hexes Air
                  | Earth}
 36642 | Elf:3    | Found the +0 pair of fencer's gloves {Riposte Dex+3}
 36871 | Elf:3    | Found Wyom's Self-Improvement Boutique.
 36932 | Elf:3    | Found the +3 Elemental Staff {ele, rElec rF+ rC+ AC+3}
 37477 | Vaults:1 | Entered Level 1 of the Vaults
 37506 | Vaults:1 | Found a crumbling gateway.
 37524 | Desolati | Entered the Desolation of Salt
 37546 | Desolati | Killed from afar by a ragged hierophant

Illustrated notes

Levels and vault maps discovered:
D:1:      dpeg_arrival_round_b, layout_basic, serial_shops, shop
D:2:      layout_basic, serial_shops, nicolae_shop_behind_doors, shop, shop,
          shop, minmay_hedge_maze
D:3:      due_chaos_kobolds, layout_loops_ring, fedhas_altar_1
D:4:      layout_cave_pools, mainiacjoe_overflow_alcove_2, kennysheep_mini,
          minmay_temple_entry_purple_smoke,
          mainiacjoe_sewer_entry_somewhere_in_here_1, uniq_edmund, uniq_ijyb,
          uniq_natasha
D:5:      layout_cave_pools, gammafunk_ghost_stat_death
D:6:      layout_loops_cross, makhleb_altar_promises_db,
          lemuel_coloured_pillars_altar, minmay_shop_mass
D:7:      layout_loops_ring, kennysheep_nondescript, nicolae_water_bricks,
          grunt_ministairs_2
D:8:      layout_cave_pools, nicolae_hepliaklqana_hazy_memory,
          nicolae_vehumet_radiance, due_lair_maze_entry_diamond,
          nicolae_phantomly_mirrored
D:9:      layout_roguey, erik_orc_1, dk_noncrumbling_4, feat_on_display
D:10:     layout_stronghold, enter_trove_5, uniq_urug
D:11:     layout_gridville
D:12:     minmay_connected_triangles_in_corner, layout_stronghold, pond,
          uniq_josephine
D:13:     layout_basic, uniq_jorgrun, uniq_azrael, uniq_erolcha
D:14:     layout_roguey, grunt_vaults_entry_fortified, serial_shops,
          nicolae_lakefront_shop, biasface_ghost_orc_armoury, nrook_mini_vaults,
          minivault_22
D:15:     hangedman_depths_entry_try_elsewhere_first, layout_long_grid,
          gauntlet_entry_generic, minivault_24, uniq_nessos
Lair:1:   hellmonk_destroyed_diamonds, layout_cellular_growth, basic_altar
Lair:2:   layout_hall_layers, mainiacjoe_shoals_entry_four_pools,
          dummy_spider_entry, special_room [special_room_bee], ldierk_geyser,
          pdpol_lair_neglected_garden, grunt_forest_large_clearing_hut
Lair:3:   layout_chaotic_city, infiniplex_staircase_pool_2, grunt_megastairs_5
Lair:4:   layout_cave_pods, slime_entry_1
Lair:5:   grunt_lair_end_beastmaster, layout_regular_city, lemuel_fruit_tree,
          serial_bayou_shore_b
Shoals:1: layout_shoals, st_sunken_temple
Shoals:2: layout_shoals, uniq_polyphemus
Shoals:3: layout_shoals, uniq_bai_suzhen, uniq_aizul
Shoals:4: shoals_end_hangedman, layout_shoals
Spider:1: gammafunk_sealed_arena, special_room, uniq_rupert
Spider:2: layout_chambers, nicolae_spider_claw_tunnel
Spider:3: layout_spider_delve, uniq_roxanne, uniq_arachne
Spider:4: spider_rune_water
Orc:1:    layout_caves, basic_altar, nicolae_shop_clearance
Orc:2:    st_orc_rangers, layout_diamond_mine, uniq_snorg
Elf:1:    elf_arrival_001, layout_loops_ring, hangedman_elf_represent,
          corner_web_ring, nicolae_shop_unique_rings,
          nicolae_shop_overcharged_wands
Elf:2:    elven_hall_of_blades_hangedman_original
          [nicolae_blade_entry_floor_patterns], layout_loops_cross, minivault_4,
          uniq_asterion
Elf:3:    elf_hall, layout_geoelf_octagon, nicolae_shop_self_help
Vaults:1: portal_desolation_entry_salt, nicolae_vaults_mini_display_case,
          serial_library_hellmonk_open_square, hangedman_vaults_stream,
          nicolae_vaults_big_ls, grunt_vaults_bifocal, dpeg_vaults_monster_row,
          nicolae_vaults_tetromino_L_1, layout_vaults_chaotic_city
Desolation

Skill      XL: |  1  2  3  4  5  6  7  8  9 10 11 12 13 14 15 16 17 18 19 |
---------------+----------------------------------------------------------+-----
Shapeshifting  | 1 2 3 4 5 6 8 10 12 13 15 16 18 19 20 | 20.3
Unarmed Combat | 4 5 6 7 9 10 11 12 13 14 15 17 19 20 | 20.8
Fighting       | 4 6 8 10 | 10.2
Dodging        | 3 6 |  6.9
Evocations     | 7 8 12 | 12.1
Throwing       | 4 7 10 13 14 | 14.4
Stealth        | |  0.1

Action                     |  1- 3 |  4- 6 |  7- 9 | 10-12 | 13-15 | 16-18 | 19-21 || total
---------------------------+-------+-------+-------+-------+-------+-------+-------++-------
  Melee: Unarmed           |    88 |   230 |   280 |   581 |   579 |  1338 |   427 ||  3523
         Tailslap          |     9 |    26 |    35 |    90 |   106 |   232 |    23 ||   521
         Punch             |     1 |     9 |    14 |    42 |    61 |   149 |    28 ||   304
         Maw               |       |       |       |    55 |   216 |   352 |       ||   623
         Constrict         |       |       |       |       |       |     2 |       ||     2
         Bite              |       |       |       |       |       |    14 |    31 ||    45
  Throw: Throwing net      |       |     1 |       |       |       |       |       ||     1
         Javelin           |       |       |       |     2 |       |       |       ||     2
         Dart              |       |       |       |    15 |    42 |    12 |       ||    69
         Boomerang         |       |       |       |       |       |   109 |       ||   109
 Invoke: Berserk           |     1 |     1 |     4 |     9 |    14 |    17 |     5 ||    51
         Trog's Hand       |       |     1 |     2 |     2 |    10 |    12 |    10 ||    37
         Brothers in Arms  |       |       |       |       |     3 |       |     2 ||     5
Ability: Breathe Steam     |       |       |    14 |    28 |    24 |    17 |     7 ||    90
         Blinkbolt         |       |       |       |       |       |       |     1 ||     1
  Evoke: Condenser vane    |       |       |       |       |       |     1 |     1 ||     2
         Box of beasts     |       |       |       |       |       |     1 |       ||     1
         Lightning rod     |       |       |       |       |       |       |     4 ||     4
         Wand              |       |       |       |       |       |       |     1 ||     1
    Use: Potion            |       |     2 |       |       |     1 |       |     1 ||     4
         Scroll            |       |     1 |    10 |     4 |    10 |     4 |     5 ||    34
   Stab: Sleeping          |     1 |     3 |     3 |       |       |     4 |       ||    11
         Petrified         |       |       |       |     3 |     4 |       |       ||     7
         Distracted        |       |       |       |       |       |     1 |       ||     1
 Armour: Skin              |    42 |   139 |   277 |   280 |   404 |  1393 |   455 ||  2990
  Dodge: Dodged            |    50 |   181 |   257 |   479 |   380 |  1050 |   128 ||  2525
   Form: Maw               |       |       |       |     1 |       |     3 |     1 ||     5
         Statue            |       |       |       |       |       |     2 |       ||     2
         Serpent           |       |       |       |       |       |     2 |       ||     2
         Dragon            |       |       |       |       |       |     1 |       ||     1
         Storm             |       |       |       |       |       |       |     1 ||     1
